 Dungeon Crawl Stone Soup version 0.30-a0-782-ge64f9170bb (webtiles) character file.

Game seed: 8888168907299596107

67 Flugkiller the Cutter (level 3, -1/22 HPs)
             Began as a Deep Elf Chaos Knight on Feb 28, 2023.
             Was a Plaything of Xom.
             Slain by an iguana (17 damage)
             ... on level 2 of the Dungeon.
             The game lasted 00:02:41 (1922 turns).

Flugkiller the Cutter (Deep Elf Chaos Knight)       Turns: 1922, Time: 00:02:42

Health: -1/22      AC:  5    Str:  9    XL:     3   Next: 98%
Magic:  5/5        EV: 12    Int: 16    God:    Xom [.*....]
Gold:   133        SH:  0    Dex: 16    Spells: 2/2 levels left

rFire   . . .      SeeInvis .    a - +0 short sword (chaos)
rCold   . . .      Faith    .    (no shield)
rNeg    . . .      Spirit   .    b - +2 leather armour
rPois   .          Reflect  .    (no helmet)
rElec   .          Harm     .    (no cloak)
rCorr   .          Rampage  .    (no gloves)
Will    .....                    (no boots)
Stlth   ++                       (no amulet)
HPRegen 0.23/turn                (no ring)
MPRegen 0.09/turn                (no ring)

@: no status effects
A: no striking features
a: Renounce Religion


You were on level 2 of the Dungeon.
You worshipped Xom.
You were a plaything of Xom.
You visited 1 branch of the dungeon, and saw 2 of its levels.

You collected 133 gold pieces.

Inventory:

Hand Weapons
 a - a +0 short sword of chaos (weapon)
Armour
 b - a +2 leather armour (worn)
Scrolls
 d - a scroll of magic mapping
 f - a scroll of poison
 i - a scroll of immolation
 j - a scroll of amnesia
 t - a scroll of teleportation
Potions
 e - a potion of cancellation
 g - a potion of flight
 h - a potion of attraction {unknown}
 k - a potion of heal wounds {unknown}
Miscellaneous
 c - a piece from Xom's chessboard (15/15) (quivered)


   Skills:
 + Level 2.7 Fighting
 - Level 4.0 Short Blades
 - Level 0.7 Armour
 + Level 3.1 Dodging
 - Level 2.0 Stealth


You had 2 spell levels left.
You didn't know any spells.
Your spell library was empty.

Dungeon Overview and Level Annotations

Branches:
Dungeon (2/15) Zot: 10103

Altars:

Annotations:
D:1 1 transporter


Message History

The kobold shouts!
The kobold barely misses you.
You completely miss the kobold. The kobold closely misses you.
You hit the kobold but do no damage. The kobold hits you but does no damage.
You hit the kobold.
The kobold is moderately wounded.
You barely miss the kobold.
The kobold is moderately wounded.
The kobold barely misses you.
You hit the kobold. You freeze the kobold.
You kill the kobold!
No target in view!
j - a scroll labelled TIJOCO TEXUPI You see here a +0 whip.
You now have 133 gold pieces (gained 13).
k - a bubbling silvery potion
There is a stone staircase leading down here.
An endoplasm comes into view.
The endoplasm freezes you.
You are frozen.
You hit the endoplasm.
The endoplasm is almost dead.
The endoplasm freezes you.
You are frozen.
You hit the endoplasm but do no damage.
The endoplasm is almost dead.
The endoplasm barely misses you.
You hit the endoplasm.
You kill the endoplasm!
No target in view!
No target in view!
No target in view!
r - 3 scrolls of identify
r - 4 scrolls of identify (gained 1)
An endoplasm comes into view.
The helpless endoplasm fails to defend itself.
You puncture the endoplasm! You burn the endoplasm.
You kill the endoplasm!
No target in view!
No target in view!
No target in view!
No target in view!
No target in view!
As you read the scroll of identify, it crumbles to dust.
i - a scroll of immolation
As you read the scroll of identify, it crumbles to dust.
j - a scroll of amnesia
As you read the scroll of identify, it crumbles to dust.
d - a scroll of magic mapping
As you read the scroll of identify, it crumbles to dust.
g - a potion of flight The air fills with toxic fumes!
As you read the scroll labelled BONIUFI VYV RAUPN, it crumbles to dust.
It was a scroll of poison.
Unknown command.
Partly explored, can't reach some places.
Unknown command.
You start waiting.
Done waiting.
Unknown command.
Found 3 stones.
Key pressed, stopping explore.
Found a short sword.
Unknown command.
A bat comes into view.
The bat hits you but does no damage. The bat closely misses you.
The bat hits you but does no damage.
You hit the bat.
The bat is moderately wounded.
The bat misses you. The bat misses you. The bat closely misses you.
You hit the bat.
You kill the bat!
An iguana comes into view.
Found a stone staircase leading down.
An iguana is nearby!
The iguana hisses angrily.
You hit the iguana.
The iguana is lightly wounded.
The iguana barely misses you.
You hit the iguana.
The iguana goes berserk!
The iguana is lightly wounded.
The iguana barely misses you.
You hit the iguana but do no damage.
The iguana is lightly wounded.
The iguana completely misses you.
You hit the iguana but do no damage.
The iguana is lightly wounded.
The iguana bites you!
You hit the iguana but do no damage.
The iguana is lightly wounded.
The iguana closely misses you.
You closely miss the iguana.
The iguana is lightly wounded.
The iguana closely misses you. The iguana bites you!
Ouch! That really hurt!
You die...
Xom bursts into laughter!

### #># #l####### ####
#@....... .... #.#######
#### #.# #.#
#########.#####
..............#.......P.##
..............#.P.#######.
............#.#P..#.......
.............###.PP#.#####.


You could see an iguana (berserk).

Vanquished Creatures
  2 adders (D:2)
  3 dart slugs
  2 ball pythons (D:1)
  3 endoplasms
  4 giant cockroaches
  2 goblins (D:2)
  8 hobgoblins (D:1)
  2 jackals (D:2)
  3 bats
  4 frilled lizards
  4 kobolds
  5 rats
42 creatures vanquished.

Notes
Turn   | Place    | Note
-------+----------+-------------------------------------------
     0 | D:1      | Flugkiller the Deep Elf Chaos Knight began the quest for
                  | the Orb.
     0 | D:1      | Reached XP level 1. HP: 13/13 MP: 3/3
    22 | D:1      | XOM: silly message
    29 | D:1      | Reached skill level 1 in Stealth
   133 | D:1      | Reached XP level 2. HP: 18/18 MP: 4/4
   592 | D:1      | XOM: divination: magic mapping
   690 | D:1      | XOM: enchant monster (bad)
   925 | D:1      | Found a faded altar of an unknown god.
   932 | D:1      | Reached XP level 3. HP: 22/22 MP: 5/5
  1109 | D:2      | Reached skill level 4 in Short Blades
  1922 | D:2      | Slain by an iguana

Illustrated notes

Levels and vault maps discovered:
D:1:      spicycebolla_arrival_risky_transporter, layout_rooms,
          shapermc_ecumenical_altar_mp_highgroup, serial_co_window_serial,
          co_window_paths_b, co_window_corner_a, co_window_of_opportunity_a,
          co_window_of_opportunity_a, co_window_of_opportunity_a,
          co_window_broadway_b, co_window_corner_ca, co_window_2corner,
          co_window_2corner, co_window_broadway_a, co_window_paths_e,
          glass_columns_c, minmay_misc_feat_x, minmay_crystal_water,
          chequers_serial_rivers_micro_b
D:2:      layout_basic, serial_aquarium, aquarium_bridge_square
          [aquarium_subvault_wall, aquarium_subvault_window,
          aquarium_subvault_bridge, aquarium_subvault_bridge],
          aquarium_bridge_long_joined [aquarium_subvault_balcony,
          aquarium_subvault_bridge, aquarium_subvault_bridge,
          aquarium_subvault_bridge, aquarium_subvault_wall,
          aquarium_subvault_window], aquarium_window_1, aquarium_window_fake,
          aquarium_window_fake, aquarium_view_2d, aquarium_view_4,
          aquarium_balcony_1a

Skill      XL: |  1  2  3 |
---------------+----------+-----
Stealth        | 2 |  2.0
Short Blades   | 4 |  4.0
Dodging        | 3 |  3.1
Fighting       | |  2.7
Armour         | |  0.7

Action                     || total
---------------------------++-------
  Melee: Short sword       ||   161
         Punch             ||     2
    Use: Scroll            ||     7
   Stab: Sleeping          ||     6
 Armour: Leather armour    ||    44
  Dodge: Dodged            ||    81

Table legend: (Time is in decaauts)
 A = Elapsed time spent in this place.
 B = Non-inter-level travel time spent in this place.
 C = Inter-level travel time spent in this place.
 D = Time resting spent in this place.
 E = Time spent auto-exploring this place.
 F = Levels seen in this place.
 G = Mean time per level.
                   A        B        C        D        E       F      G
               +--------+--------+--------+--------+--------+-----+--------+
         Total |   1895 |   1851 |     44 |    154 |   1321 |   2 |  947.5 |
       Dungeon |   1895 |   1851 |     44 |    154 |   1321 |   2 |  947.5 |
               +--------+--------+--------+--------+--------+-----+--------+

Top non-repeatable levels by time:
     D:1: 1043 daAuts
     D:2: 852 daAuts
